[Event "FIDE Womens Grand Swiss 2021"]
[Site "Riga"]
[Date "2021.10.31"]
[Round "5.16"]
[White "Rogule, Laura"]
[Black "Garifullina, Leya"]
[Result "1/2-1/2"]
[ECO "A20"]
[WhiteElo "2289"]
[BlackElo "2409"]
[Annotator "NA"]
[PlyCount "105"]
[EventDate "2021.10.27"]
[EventType "swiss"]
[EventCountry "LAT"]
[Tiebreak "Cut1 Buchholz+Sonneborn-Berger (Swiss)"]
[SourceTitle "playchess.com"]
[Source "ChessBase"]
[SourceQuality "1"]
[TimeControl "40/6000+30:20/3000+30:900+30"]

1. c4 e5 2. g3 c6 3. Nf3 e4 4. Nd4 d5 5. cxd5 Qxd5 6. e3 Nf6 7. Nc3 Qe5 8.
Bg2 Bc5 9. f4 Qe7 10. Nde2 Bf5 11. Qc2 h5 12. Na4 Bd6 13. b3 c5 14. Ba3 Nbd7 15. Rc1 O-O 16. h3 Rac8 17. g4 Bh7 18. Nac3 c4 19. Bxd6 Qxd6 20. g5 cxb3 21. axb3 Nd5 22. Bxe4 Bxe4 23. Nxe4 Qe6 24. N2c3 f5 25. gxf6 N7xf6 26. Ng5 Qe8 27. O-O Nxc3 28. dxc3 Qxe3+ 29. Kg2 Rfe8 30. Rf2 h4 31. c4 Rcd8 32. Rd1 a5 33. Rxd8 Rxd8 34. Qe2 Qxe2 35. Rxe2 Rd3 36. Re5 Rxb3 37. Rxa5 g6 38. Rc5 Nh5 39. Rc8+ Kg7 40. Rc7+ Kf8 41. Ne6+ Kg8 42. Kf2 b6 43. c5 bxc5 44. Rxc5 Kf7 45. f5 Ng3 46. Ng5+ Kf6 47. fxg6 Kxg6 48. Ra5 Nf5 49. Nf3 Rb2+ 50. Kg1 Kf6 51. Ra6+ Ke7 52. Ra4 Kf6 53. Ra1 1/2-1/2

[Event "FIDE Womens Grand Swiss 2021"]
[Site "Riga"]
[Date "2021.10.31"]
[Round "5.17"]
[White "Danielian, Elina"]
[Black "Maltsevskaya, Aleksandra"]
[Result "0-1"]
[ECO "E60"]
[WhiteElo "2450"]
[BlackElo "2411"]
[Annotator "ChessBase"]
[PlyCount "56"]
[EventDate "2021.10.27"]
[EventType "swiss"]
[EventCountry "LAT"]
[Tiebreak "Cut1 Buchholz+Sonneborn-Berger (Swiss)"]
[SourceTitle "playchess.com"]
[Source "ChessBase"]
[SourceQuality "1"]
[TimeControl "40/6000+30:20/3000+30:900+30"]

1. d4 Nf6 2. Nf3 g6 3. c4 c5 4. g3 cxd4 5. Nxd4 Bg7 6. Bg2 O-O 7. Nc3 Qc7 8. b3 d5 9. O-O dxc4 10. Ndb5 Qa5 11. b4 Qd8 12. Qxd8 Rxd8 13. Bf4 Nc6 14. Nc7 Nh5 15. Nxa8 Nxf4 16. gxf4 Bxc3 17. Rac1 Nd4 18. Bf3 Nxf3+ 19. exf3 Bd2 20. Rfd1 Rd4 21.
Nc7 Bd7 22. Kg2 c3 23. b5 b6 24. a4 Bf5 25. Kf1 Bd3+ 26. Kg2 Bxc1 27. Rxc1 c2 28. Na6 Bf5 0-1

[Event "FIDE Womens Grand Swiss 2021"]
[Site "Riga"]
[Date "2021.10.31"]
[Round "5.18"]
[White "Bivol, Alina"]
[Black "Cramling, Pia"]
[Result "1/2-1/2"]
[ECO "B51"]
[WhiteElo "2392"]
[BlackElo "2447"]
[Annotator "ChessBase"]
[PlyCount "214"]
[EventDate "2021.10.27"]
[EventType "swiss"]
[EventCountry "LAT"]
[Tiebreak "Cut1 Buchholz+Sonneborn-Berger (Swiss)"]
[SourceTitle "playchess.com"]
[Source "ChessBase"]
[SourceQuality "1"]
[TimeControl "40/6000+30:20/3000+30:900+30"]

1. e4 c5 2. Nf3 d6 3. Bb5+ Nd7 4. d4 cxd4 5. Qxd4 a6 6. Be2 Ngf6 7. c4 g6 8. Nc3 Bg7 9. O-O O-O 10. Rd1 Nc5 11. e5 Ng4 12. Be3 Be6 13.
h3 Nxe3 14. Qxe3 Qb6 15. exd6 exd6 16. Qd2 Rad8 17. Rac1 Rfe8 18. Bf1 Bf5 19. b3 Ne4 20. Nxe4 Bxe4 21. Nd4 h5 22. Ne2 Kh7 23. Nf4 Bh6 24. g3 h4 25. Qd4 Qc5 26. Qxc5 dxc5 27. Rxd8 Rxd8 28. Re1 Rd4 29. Nd5 Kg7 30. Nc3 Bc6 31. Re5 Kf6 32. Re2 Bf3 33. Re8 Kg7 34. Bg2 Rd3 35. Bxf3 Rxf3 36. Ne2 Rd3 37. gxh4 Rd2 38. Nc3 Rc2 39. Ne4 Rxa2 40. Rb8 b5 41. cxb5 axb5 42. Rxb5 Re2 43. Nc3 Re5 44. Na4 Re4 45. Rxc5 Rxh4 46. Kg2 Rb4 47. Rc3 Bg5 48. Nc5 Be7 49. Na4 Bf6 50. Rf3 Be5 51. Nc5 Bd6 52. Na4 Be5 53. Kf1 f5 54. Ke2 Kf6 55. Kd2 g5 56. Nc3 Ke6 57. Ne2 g4 58.
Rd3 Rb8 59. Re3 Kf6 60. hxg4 fxg4 61. Rd3 Ke6 62. Ng3 Rb4 63. Nf1 Rb7 64. Ke2 Rb8 65. Nd2 Rb4 66. Nc4 Bb8 67. Kf1 Bc7 68. Kg2 Bb8 69. Ne3 Be5 70. Nc2 Rb7 71. b4 Kf5 72. Rb3 Ke4 73.
Ne3 Rg7 74. Nc4 Bd4 75. Kg3 Ba7 76. Nd6+ Ke5 77. Nc4+ Ke4 78. b5 Bb8+ 79. Kg2 Rg5 80. b6 Kd4 81. Na3 Rg6 82. b7 Kd5 83.
Rb5+ Kc6 84. Rb3 Kc5 85. Nc2 Rb6 86. Rc3+ Kd6 87. Ne3 Rxb7 88. Nxg4 Ke6 89. Ne3 Ba7 90. Ng4 Kf5 91. Kg3 Rh7 92. Rf3+ Kg5 93. Rb3 Rc7 94. f3 Kg6 95. Rb5 Bd4 96. Rd5 Bg7 97. Nf2 Re7 98. f4 Re1 99. Rg5+ Kf7 100. Ng4 Ra1 101. Rb5 Ra3+ 102. Kh4 Bf6+ 103. Nxf6 Kxf6 104. Kg4 Ra6 105. Rh5 Kg7 106.
Rh4 Ra5 107. Rh5 Rxh5 1/2-1/2

[Event "FIDE Womens Grand Swiss 2021"]
[Site "Riga"]
[Date "2021.10.31"]
[Round "5.19"]
[White "Arabidze, Meri"]
[Black "Socko, Monika"]
[Result "0-1"]
[ECO "D37"]
[WhiteElo "2441"]
[BlackElo "2397"]
[Annotator "NA"]
[PlyCount "141"]
[EventDate "2021.10.27"]
[EventType "swiss"]
[EventCountry "LAT"]
[Tiebreak "Cut1 Buchholz+Sonneborn-Berger (Swiss)"]
[SourceTitle "playchess.com"]
[Source "ChessBase"]
[SourceQuality "1"]
[TimeControl "40/6000+30:20/3000+30:900+30"]

1. d4 Nf6 2. c4 e6 3. Nc3 d5 4. Nf3 Be7 5. Bf4 O-O 6. a3 c6 7. e3 Nbd7 8. h3 Re8 9. Qc2 Nf8 10. Rd1 Ng6 11. Bg3 Bd6 12. Ne5 dxc4 13. Bxc4 Qc7 14. f4 a6 15. h4 Nd5 16. Bf2 Nxc3 17. bxc3 c5 18. h5 Nf8 19. h6 g6 20.
Ng4 Be7 21. Bh4 cxd4 22. Bxe7 Rxe7 23. Rxd4 b5 24. Be2 e5 25. Nf6+ Kh8 26. Nd5 Qc5 27. Rd2 Bf5 28. Qb2 Rd7 29. c4 Re8 30.
fxe5 Ne6 31. Qb4 bxc4 32. Qxc5 Nxc5 33. Bxc4 Red8 34. O-O Be4 35. Rfd1 Ne6 36. Kh2 Nc7 37. Nf6 Rxd2 38. Rxd2 Rxd2 39. Nxe4 Rd7 40. Nd6 Kg8 41. Kg3 Ne6 42. Bxa6 Ra7 43. Bc4 Rxa3 44. Bxe6 fxe6 45. Kf4 Ra1 46. g4 Rf1+ 47. Kg5 Rf3 48. Ne8 Kf7 49. Nd6+ Ke7 50. Nc4 Rh3 51. e4 Rc3 52. Nd2 Rd3 53. Nc4 Rc3 54. Nd2 Kf7 55. Kf4 Rh3 56. Kg5 Rh1 57. Nc4 Rc1 58. Nd6+ Ke7 59. Kf4 Rc5 60. g5 Kd7 61. Nf7 Rc6 62. Ke3 Rc3+ 63. Kf4 Rd3 64. Kg4 Ke7 65. Nd6 Rxd6 66. exd6+ Kxd6 67. Kf3 Kc5 68. Ke3 Kc4 69. Kf3 Kd4 70. Kf4 e5+ 71. Kf3 0-1

[Event "FIDE Womens Grand Swiss 2021"]
[Site "Riga"]
[Date "2021.10.31"]
[Round "5.20"]
[White "Atalik, Ekaterina"]
[Black "Hoang, Thanh Trang"]
[Result "1/2-1/2"]
[ECO "A80"]
[WhiteElo "2420"]
[BlackElo "2380"]
[Annotator "NA"]
[PlyCount "69"]
[EventDate "2021.10.27"]
[EventType "swiss"]
[EventCountry "LAT"]
[Tiebreak "Cut1 Buchholz+Sonneborn-Berger (Swiss)"]
[SourceTitle "playchess.com"]
[Source "ChessBase"]
[SourceQuality "1"]
[TimeControl "40/6000+30:20/3000+30:900+30"]

1. d4 e6 2. Nf3 f5 3. Bf4 Nf6 4. e3 g6 5. Be2 Bg7 6. h3 d6 7. c4 Qe7 8. Nc3 O-O 9. O-O Nc6 10. Bh2 Nd8 11. Rc1 Nf7 12. c5 dxc5 13. Nb5 Nd5 14. Rxc5 c6 15. Rxd5 exd5 16. Nc7 Bd7 17. Nxa8 Rxa8 18. Ne1 Re8 19. Bf3 Bf6 20. Nd3 Kg7 21. Qb3 Bc8 22. Qb4 Qxb4 23. Nxb4 g5 24. Bh5 f4 25. exf4 gxf4 26. Bxf4 Bxd4 27. b3 Bf5 28. Rd1 Bf6 29. Nd3 Bg6 30. Bxg6 hxg6 31. Kf1 Bg5 32. Bg3 Bf6 33. Bf4 Bg5 34. Bh2 Bf6 35. Bf4 1/2-1/2

[Event "FIDE Womens Grand Swiss 2021"]
[Site "Riga"]
[Date "2021.10.31"]
[Round "5.21"]
[White "Houska, Jovanka"]
[Black "Buksa, Nataliya"]
[Result "1/2-1/2"]
[ECO "D37"]
[WhiteElo "2381"]
[BlackElo "2409"]
[Annotator "NA"]
[PlyCount "62"]
[EventDate "2021.10.27"]
[EventType "swiss"]
[EventCountry "LAT"]
[Tiebreak "Cut1 Buchholz+Sonneborn-Berger (Swiss)"]
[SourceTitle "playchess.com"]
[Source "ChessBase"]
[SourceQuality "1"]
[TimeControl "40/6000+30:20/3000+30:900+30"]

1. d4 Nf6 2. Nf3 d5 3. c4 e6 4. Nc3 Nbd7 5. Bf4 dxc4 6. e3 Nd5 7. Bxc4 Nxf4 8. exf4 Nb6 9. Bb3 g6 10. O-O Bg7 11. Ne5 O-O 12. Rc1 a5 13. a3 Bd7 14. d5 exd5 15. Nxd5 Nxd5 16. Qxd5 Be6 17. Qf3 c6 18. Bxe6 Bxe5 19. fxe5 fxe6 20. Qe3 Qe7 21. Rfd1 Rfd8 22. g3 Rxd1+ 23. Rxd1 Rd8 24. Rxd8+ Qxd8 25. h4 a4 26. Kh2 b5 27. Qa7 Qd2 28. Qb8+ Kg7 29. Qa7+ Kg8 30. Qb8+ Kg7 31. Qa7+ Kf8 1/2-1/2

[Event "FIDE Womens Grand Swiss 2021"]
[Site "Riga"]
[Date "2021.10.31"]
[Round "5.22"]
[White "Milliet, Sophie"]
[Black "Cori T., Deysi"]
[Result "0-1"]
[ECO "B07"]
[WhiteElo "2410"]
[BlackElo "2382"]
[Annotator "NA"]
[PlyCount "102"]
[EventDate "2021.10.27"]
[EventType "swiss"]
[EventCountry "LAT"]
[Tiebreak "Cut1 Buchholz+Sonneborn-Berger (Swiss)"]
[SourceTitle "playchess.com"]
[Source "ChessBase"]
[SourceQuality "1"]
[TimeControl "40/6000+30:20/3000+30:900+30"]

1. e4 d6 2. d4 Nf6 3. Nc3 g6 4. Be2 Bg7 5. h4 h5 6. Nh3 c6 7. Ng5 O-O 8. Be3 b5 9. a3 Qc7 10. Qd2 a5 11. O-O Ng4 12. d5 Bb7 13. Bd4 Nd7 14. Bxg7 Kxg7 15. dxc6 Bxc6 16. Nxb5 Bxb5 17. Bxb5 Ndf6 18. Be2 Rfc8 19. c3 a4 20. Bxg4 hxg4 21. Rfe1 Ra5 22. Re2 Rb8 23. Rc1 Rc5 24. Qe3 Rb3 25. Rcc2 Rc4 26. Rcd2 Rc5 27. Qd4 Rc4 28. Qe3 Rc5 29. Qd3 Qb7 30. Qd4 Qb5 31. Qe3 Qb8 32. f4 gxf3 33. gxf3 Rcb5 34. Qf2 Qh8 35. Qh2 Nd7 36. f4 Qh5 37. Qh3 Nb6 38. Rf2 Nc4 39. Rd4 Rxb2 40. Rxc4 Rxf2 41. Kxf2 Rb2+ 42. Kg3 Qe2 43. Nf3 Qxc4 44. h5 Qc5 45. h6+ Kh8 46. Qf1 Qxc3 47. Qd1 Rb3 48. Kg4 Qxf3+ 49. Qxf3 Rxf3 50. Kxf3 Kh7 51. Ke3 e5 0-1

[Event "FIDE Womens Grand Swiss 2021"]
[Site "Riga"]
[Date "2021.10.31"]
[Round "5.23"]
[White "Kamalidenova, Meruert"]
[Black "Cyfka, Karina"]
[Result "1-0"]
[ECO "C60"]
[WhiteElo "2339"]
[BlackElo "2409"]
[Annotator "ChessBase"]
[PlyCount "205"]
[EventDate "2021.10.27"]
[EventType "swiss"]
[EventCountry "LAT"]
[Tiebreak "Cut1 Buchholz+Sonneborn-Berger (Swiss)"]
[SourceTitle "playchess.com"]
[Source "ChessBase"]
[SourceQuality "1"]
[TimeControl "40/6000+30:20/3000+30:900+30"]

1. e4 e5 2. Nf3 Nc6 3. Bb5 a6 4. Ba4 d6 5. c3 Bd7 6. O-O g6 7. d4 Bg7 8. h3 Nf6 9. Bc2 O-O 10. Be3 h6 11. Nbd2 Nh5 12. Re1 Kh8 13.
Nf1 Ne7 14. Qd2 Ng8 15. dxe5 dxe5 16. g4 Nf4 17. Bxf4 exf4 18. Qxf4 Be6 19. Ne3 c6 20. e5 Ne7 21. c4 Qb6 22. Rab1 Rad8 23. Qe4 Rd7 24. Ng2 Rfd8 25. Nf4 c5 26. b3 Kg8 27. Rbd1 Kf8 28. a4 a5 29. Nxe6+ Qxe6 30. Qxb7 Rxd1 31. Rxd1 Rxd1+ 32. Bxd1 Bxe5 33. Qa8+ Kg7 34. Qxa5 Qd6 35. Qd2 Qxd2 36. Nxd2 Nc6 37. Kf1 f5 38. gxf5 gxf5 39. Bf3 Na5 40. Bd1 Nc6 41. Ke2 Kf6 42. Kd3 Nb4+ 43. Ke3 Bd4+ 44. Ke2 Be5 45. Nf1 Bc7 46. Ne3 Ke5 47. Ng2 Nc6 48. Ke3 Bd8 49. f4+ Ke6 50. Ne1 Bf6 51. Kd2 Nb4 52. Ng2 Bd8 53. Bf3 Bc7 54. Ke2 Nc2 55. Kf2 Nd4 56. Bd1 Nc6 57. Kg3 Ne7 58. Ne3 Ba5 59. Bc2 Be1+ 60. Kf3 Ba5 61. Ke2 Bc7 62. Ng2 Nc6 63. Ke3 Ba5 64. Bd1 Nd4 65. Kf2 Bd8 66. Kg3 Nc6 67. Ne3 Ne7 68. Bf3 Ba5 69. Ng2 Bd2 70. Kh4 Kf6 71. Bd5 Kg6 72. Kg3 Kf6 73. Kf3 Ng6 74. Bc6 Ke6 75. Be8 Ne7 76. Ke2 Ba5 77. Ne1 Ng8 78. Nd3 Kd6 79. Kf3 Bd2 80. Kg3 Nf6 81. Bg6 Ne4+ 82. Kh4 Ke6 83. Kh5 Kf6 84. Kxh6 Ng3 85. Bh5 Ba5 86. Bf3 Bc7 87. Kh7 Ne4 88. h4 Kf7 89. Bxe4 fxe4 90. Nxc5 e3 91. Nd3 Kf6 92. h5 Kf5 93. h6 e2 94. Kg8 Ba5 95. h7 Ke4 96.
Ne1 Bxe1 97. h8=Q Kxf4 98. Qd4+ Kf3 99. Qd3+ Kf2 100. c5 Ba5 101. Qf5+ Kg2 102. Qe4+ Kf2 103. b4 1-0

[Event "FIDE Womens Grand Swiss 2021"]
[Site "Riga"]
[Date "2021.10.31"]
[Round "5.24"]
[White "Golsta, Madara"]
[Black "Divya Deshmukh"]
[Result "0-1"]
[ECO "E43"]
[WhiteElo "2003"]
[BlackElo "2305"]
[Annotator "NA"]
[PlyCount "72"]
[EventDate "2021.10.27"]
[EventType "swiss"]
[EventCountry "LAT"]
[Tiebreak "Cut1 Buchholz+Sonneborn-Berger (Swiss)"]
[SourceTitle "playchess.com"]
[Source "ChessBase"]
[SourceQuality "1"]
[TimeControl "40/6000+30:20/3000+30:900+30"]

1. d4 Nf6 2. c4 e6 3. Nc3 Bb4 4. e3 b6 5. Nf3 Bb7 6. Bd3 O-O 7. Qc2 d5 8. a3 Bxc3+ 9. bxc3 dxc4 10. Bxc4 Bxf3 11. gxf3 c5 12. Bb2 Nc6 13. Rd1 Qc7 14. Ba2 Ne7 15. Qe2 Rfd8 16. f4 Rac8 17. Rg1 cxd4 18. cxd4 Ned5 19. Qf3 Qc2 20. Rd2 Qe4 21. Qg3 g6 22. Ke2 Nh5 23. Qh4 Nhxf4+ 24. Kf1 Nxe3+ 25. fxe3 Qxe3 26. Qf2 Qh3+ 27. Rg2 Qxg2+ 28. Qxg2 Nxg2 29. Rxg2 b5 30. h4 h5 31. Bb3 a5 32. Rg5 a4 33. Bd1 Rd5 34. Rg3 Rf5+ 35. Kg1 Rf4 36. Bxh5 Rc2 0-1

[Event "FIDE Womens Grand Swiss 2021"]
[Site "Riga"]
[Date "2021.10.31"]
[Round "5.25"]
[White "February, Jesse Nikki"]
[Black "Eizaguerri Floris, Maria"]
[Result "0-1"]
[ECO "B47"]
[WhiteElo "1857"]
[BlackElo "2328"]
[Annotator "NA"]
[PlyCount "61"]
[EventDate "2021.10.27"]
[EventType "swiss"]
[EventCountry "LAT"]
[Tiebreak "Cut1 Buchholz+Sonneborn-Berger (Swiss)"]
[SourceTitle "playchess.com"]
[Source "ChessBase"]
[SourceQuality "1"]
[TimeControl "40/6000+30:20/3000+30:900+30"]

1. e4 c5 2. Nf3 e6 3. Nc3 Nc6 4. d4 cxd4 5. Nxd4 a6 6. f4 Qc7 7. Nf3 d6 8. Bd3 Nf6 9. h3 b5 10. a3 Bb7 11. Be3 Be7 12. Qe2 Rc8 13.
Qf2 Nd7 14. O-O Na5 15. f5 O-O 16. Qg3 Bf6 17. Bg5 exf5 18.
exf5 Rfe8 19. Rad1 Qb6+ 20. Kh1 d5 21. Bxb5 axb5 22. Nxd5 Bxd5 23. Rxd5 Bxg5 24. Nxg5 Nf6 25. Rd6 Rc6 26. Rfd1 Nc4 27. R6d4 Ne3 28. Ne6 fxe6 29. Qxe3 exf5 30. Qb3+ Kh8 31. Kh2 0-1

[Event "FIDE Womens Grand Swiss 2021"]
[Site "Riga"]
[Date "2021.11.01"]
[Round "6.2"]
[White "Zhu, Jiner"]
[Black "Paehtz, Elisabeth"]
[Result "1/2-1/2"]
[ECO "B32"]
[WhiteElo "2455"]
[BlackElo "2475"]
[Annotator "ChessBase"]
[PlyCount "147"]
[EventDate "2021.10.27"]
[EventType "swiss"]
[EventCountry "LAT"]
[Tiebreak "Cut1 Buchholz+Sonneborn-Berger (Swiss)"]
[SourceTitle "playchess.com"]
[Source "ChessBase"]
[SourceQuality "1"]
[TimeControl "40/6000+30:20/3000+30:900+30"]

1. e4 c5 2. Nf3 Nc6 3. d4 cxd4 4. Nxd4 e5 5. Nb5 d6 6. c4 g6 7. N1c3 a6 8. Na3 Bg7 9. Be3 Be6 10. Qd2 Nf6 11. f3 O-O 12. Be2 Rc8 13.
O-O Nd4 14. Rfd1 Nh5 15. Bf1 Nf4 16. Nd5 Nxd5 17. cxd5 Bd7 18. Qb4 f5 19. Qxd6 fxe4 20. fxe4 Re8 21. Rac1 Bf8 22. Rxc8 Qxc8 23. Qf6 Nc2 24. Nxc2 Qxc2 25. Qf3 Qxb2 26. Bc4 Qb4 27. Rf1 Qxc4 28. Qf7+ Kh8 29. Qxd7 Qc8 30. Rf7 Qxd7 31. Rxd7 Rc8 32. Bg5 Kg8 33. Bf6 Rc4 34. d6 Rd4 35. Bxe5 Rxe4 36. Bg3 Rd4 37. Kf2 b5 38. Ke3 Rd1 39. Ke4 Rd2 40. Bf4 Rxa2 41. Rb7 Ra4+ 42. Ke3 Rxf4 43. Kxf4 Bxd6+ 44. Kg5 b4 45. Kf6 Bf8 46. g4 a5 47. Ra7 b3 48. Rxa5 Bg7+ 49. Ke6 Bc3 50. Rb5 b2 51. Rb7 Bd4 52. h4 Bc3 53.
h5 gxh5 54. gxh5 b1=Q 55. Rxb1 Kg7 56. Kf5 Bd2 57. Rd1 Be3 58. Ke4 Bg5 59. Rd7+ Kh6 60. Kf5 Bc1 61. Rd6+ Kg7 62. Rf6 Bd2 63. Ke6 Bc1 64. Rf1 Bd2 65. Rf2 Be3 66. Re2 Bc1 67. Kf5 Kh6 68. Kg4 Kg7 69. Rg2 Kh6 70. Rc2 Be3 71. Rc3 Bd2 72. Rd3 Bc1 73. Rc3 Bd2 74. Rd3 1/2-1/2

[Event "FIDE Womens Grand Swiss 2021"]
[Site "Riga"]
[Date "2021.11.01"]
[Round "6.3"]
[White "Harika, Dronavalli"]
[Black "Batsiashvili, Nino"]
[Result "1/2-1/2"]
[ECO "C79"]
[WhiteElo "2511"]
[BlackElo "2484"]
[Annotator "ChessBase"]
[PlyCount "156"]
[EventDate "2021.10.27"]
[EventType "swiss"]
[EventCountry "LAT"]
[Tiebreak "Cut1 Buchholz+Sonneborn-Berger (Swiss)"]
[SourceTitle "playchess.com"]
[Source "ChessBase"]
[SourceQuality "1"]
[TimeControl "40/6000+30:20/3000+30:900+30"]

1. e4 e5 2. Nf3 Nc6 3. Bb5 a6 4. Ba4 Nf6 5. d3 d6 6. c3 Bd7 7. O-O g6 8. Re1 Bg7 9. h3 O-O 10. Bc2 h6 11. d4 Nh5 12. Be3 Qe7 13.
Nbd2 Nd8 14. Bd3 Ne6 15. Bf1 Rad8 16. a4 Be8 17. Qb3 exd4 18.
cxd4 c6 19. Qa3 Nf6 20. Rac1 b5 21. axb5 axb5 22. e5 Nd5 23. Ne4 b4 24. Qb3 dxe5 25. dxe5 Nxe3 26. Qxe3 Nc7 27. Qc5 Qe6 28. Qxb4 Nd5 29. Qb7 Nf4 30. Qb4 g5 31. Nc5 Qc8 32. Qe4 Bd7 33. Nxd7 Qxd7 34. Rxc6 Rb8 35. Rd6 Qb7 36. Qxb7 Rxb7 37. g3 Ne6 38. Rb1 Rfb8 39. Bc4 Nc5 40. Rc6 Bf8 41. e6 Nxe6 42. Bxe6 fxe6 43. Nd4 Rxb2 44. Rxb2 Rxb2 45. Nxe6 Bg7 46. Kg2 Be5 47. Kf3 Kf7 48. Nd8+ Kg7 49. Ke4 Bf6 50. Ne6+ Kf7 51. Kf3 Be5 52. Nd8+ Kg7 53. Rc4 Kf6 54. Nc6 Rb3+ 55. Kg2 Bc3 56. h4 Ke6 57. Nd4+ Bxd4 58. Rxd4 Kf5 59. Kh3 Rb2 60. Rd8 Kg6 61. Rd6+ Kg7 62. f3 Rb3 63. Kg4 Rb5 64. Ra6 Rc5 65. Kh5 Rc3 66. Kg4 Rc5 67. Ra8 Rb5 68. Rc8 Ra5 69. Re8 Rb5 70. Re6 Ra5 71. Rb6 Rc5 72. Rb3 Kg6 73. Rb6+ Kg7 74. Re6 Ra5 75. Kh3 Ra3 76. Kg2 Ra2+ 77. Kh3 Ra3 78. Kg4 Ra5 1/2-1/2

[Event "FIDE Womens Grand Swiss 2021"]
[Site "Riga"]
[Date "2021.11.01"]
[Round "6.4"]
[White "Pogonina, Natalija"]
[Black "Badelka, Olga"]
[Result "1-0"]
[ECO "A17"]
[WhiteElo "2467"]
[BlackElo "2438"]
[Annotator "ChessBase"]
[PlyCount "71"]
[EventDate "2021.10.27"]
[EventType "swiss"]
[EventCountry "LAT"]
[Tiebreak "Cut1 Buchholz+Sonneborn-Berger (Swiss)"]
[SourceTitle "playchess.com"]
[Source "ChessBase"]
[SourceQuality "1"]
[TimeControl "40/6000+30:20/3000+30:900+30"]

1. c4 e6 2. Nf3 d5 3. e3 Nf6 4. Nc3 Bd6 5. b3 O-O 6. Bb2 Re8 7. d4 b6 8. cxd5 exd5 9. Rc1 a6 10. Be2 Bb7 11. O-O Nbd7 12. Re1 Qe7 13. Bf1 Rac8 14. g3 h5 15. Bg2 Ne4 16. Ne2 Ndf6 17. Nf4 Ng4 18. Rc2 g6 19. Nd3 c5 20. Nfe5 Bxe5 21. Nxe5 Nxe5 22. dxe5 Rcd8 23. h4 f6 24. exf6 Nxf6 25. b4 d4 26. Qd3 Kh7 27. e4 Ng4 28. bxc5 bxc5 29. Ba3 Rc8 30.
Qb3 Rc7 31. Rxc5 Rxc5 32. Bxc5 Qxc5 33. Qf7+ Kh6 34. Qxe8 Nf6 35. Qh8+ Nh7 36. Rd1 1-0

[Event "FIDE Womens Grand Swiss 2021"]
[Site "Riga"]
[Date "2021.11.01"]
[Round "6.6"]
[White "Kosteniuk, Alexandra"]
[Black "Vantika Agrawal"]
[Result "1-0"]
[ECO "B51"]
[WhiteElo "2518"]
[BlackElo "2322"]
[Annotator "ChessBase"]
[PlyCount "103"]
[EventDate "2021.10.27"]
[EventType "swiss"]
[EventCountry "LAT"]
[Tiebreak "Cut1 Buchholz+Sonneborn-Berger (Swiss)"]
[SourceTitle "playchess.com"]
[Source "ChessBase"]
[SourceQuality "1"]
[TimeControl "40/6000+30:20/3000+30:900+30"]

1. e4 c5 2. Nf3 d6 3. Bb5+ Nd7 4. Ba4 Ngf6 5. O-O e6 6. Re1 a6 7. c4 Be7 8. d4 cxd4 9. Nxd4 O-O 10. Nc3 Qc7 11. Qe2 Ne5 12. Bb3 Ng6 13.
Kh1 e5 14. Nf5 Be6 15. Bg5 h6 16. Be3 Qd7 17. g4 b5 18. f3 bxc4 19. Bxc4 Qc6 20. Bxe6 fxe6 21. Nxe7+ Nxe7 22. g5 hxg5 23.
Bxg5 Kf7 24. Rg1 Rh8 25. Rg2 Ng6 26. Rag1 Nh5 27. Qd2 Rac8 28. Rg4 Rh7 29. Qg2 Rch8 30. Qf2 Qb7 31. Ne2 Rc8 32. Bd2 Ne7 33. Bc3 Nf6 34. Rg5 Rch8 35. R1g2 Nh5 36. Kg1 a5 37. f4 Qxe4 38. fxe5+ Ke8 39. exd6 Nd5 40. Bd2 Qb1+ 41. Nc1 Qc2 42. Re5 Nhf6 43. Rxe6+ Kd7 44. Nb3 Rxh2 45. Qa7+ Kxe6 46. Nd4+ Ke5 47. Nxc2 Rh1+ 48. Kf2 Ne4+ 49. Ke2 Kxd6 50. Nd4 Re8 51. Qa6+ Ke5 52. Nf3+ 1-0

[Event "FIDE Womens Grand Swiss 2021"]
[Site "Riga"]
[Date "2021.11.01"]
[Round "6.9"]
[White "Girya, Olga"]
[Black "Kashlinskaya, Alina"]
[Result "0-1"]
[ECO "E11"]
[WhiteElo "2410"]
[BlackElo "2493"]
[Annotator "ChessBase"]
[PlyCount "86"]
[EventDate "2021.10.27"]
[EventType "swiss"]
[EventCountry "LAT"]
[Tiebreak "Cut1 Buchholz+Sonneborn-Berger (Swiss)"]
[SourceTitle "playchess.com"]
[Source "ChessBase"]
[SourceQuality "1"]
[TimeControl "40/6000+30:20/3000+30:900+30"]

1. d4 Nf6 2. Nf3 e6 3. c4 Bb4+ 4. Bd2 a5 5. g3 d5 6. Bg2 O-O 7. Qc2 c5 8. O-O cxd4 9. Nxd4 e5 10. Nb5 d4 11. Bxb4 axb4 12. Nd2 Nc6 13.
c5 Qe7 14. Nd6 Be6 15. N2c4 e4 16. b3 Kh8 17. Nxe4 Nxe4 18. Qxe4 Qxc5 19. Rfc1 Rfd8 20. Qf4 Kg8 21. Nb2 Qe7 22. Nd3 Bd5 23. Qd2 h5 24. Rc5 Bxg2 25. Kxg2 Rd5 26. Rxd5 Qe4+ 27. Kg1 Qxd5 28. Rc1 h4 29. Rc5 Qe6 30. Rh5 h3 31. Nf4 Qxb3 32. Nxh3 Qb1+ 33. Kg2 Qe4+ 34. f3 Qe3 35. Qxe3 dxe3 36. Rb5 Rxa2 37. Nf4 Rb2 38. h4 Nd4 39. Rxb7 Nxe2 40. Rb8+ Kh7 41. Nxe2 Rxe2+ 42. Kg1 Re1+ 43. Kg2 Rc1 0-1

[Event "FIDE Womens Grand Swiss 2021"]
[Site "Riga"]
[Date "2021.11.01"]
[Round "6.10"]
[White "Javakhishvili, Lela"]
[Black "Gunina, Valentina"]
[Result "1-0"]
[ECO "D10"]
[WhiteElo "2446"]
[BlackElo "2462"]
[Annotator "ChessBase"]
[PlyCount "85"]
[EventDate "2021.10.27"]
[EventType "swiss"]
[EventCountry "LAT"]
[Tiebreak "Cut1 Buchholz+Sonneborn-Berger (Swiss)"]
[SourceTitle "playchess.com"]
[Source "ChessBase"]
[SourceQuality "1"]
[TimeControl "40/6000+30:20/3000+30:900+30"]

1. d4 d5 2. c4 c6 3. Nc3 Nf6 4. e3 Bf5 5. cxd5 cxd5 6. Qb3 Nc6 7. Qxb7 Bd7 8. Qb3 Rb8 9. Qd1 e5 10. dxe5 Nxe5 11. Nge2 Bc5 12. Nf4 Bc6 13. Be2 O-O 14. O-O Qd7 15. Nd3 Bd6 16. Nf4 Rfd8 17. a4 Nc4 18. Ncxd5 Nxd5 19. Bxc4 Bxf4 20. exf4 Qb7 21. Qg4 Nf6 22. Qh3 Rd6 23. b3 Rbd8 24. Re1 h5 25. Be3 Ng4 26. Bc5 Rf6 27. Qxh5 Nh6 28. Re7 Qa8 29. Rxa7 Qb8 30. Qe5 Qc8 31. Rc7 Qg4 32. f3 Bxf3 33. Qg5 Rxf4 34. Qxd8+ Kh7 35. Qd2 Bxg2 36. Qxg2 Qh5 37. Bd6 Rg4 38. Bg3 Qg5 39. Re1 f5 40. Ree7 Qf6 41. Be2 Rg6 42. Qd5 Qb6+ 43. Kg2 1-0

[Event "FIDE Womens Grand Swiss 2021"]
[Site "Riga"]
[Date "2021.11.01"]
[Round "6.11"]
[White "Vaishali R"]
[Black "Assaubayeva, Bibisara"]
[Result "1/2-1/2"]
[ECO "B23"]
[WhiteElo "2419"]
[BlackElo "2400"]
[Annotator "NA"]
[PlyCount "64"]
[EventDate "2021.10.27"]
[EventType "swiss"]
[EventCountry "LAT"]
[Tiebreak "Cut1 Buchholz+Sonneborn-Berger (Swiss)"]
[SourceTitle "playchess.com"]
[Source "ChessBase"]
[SourceQuality "1"]
[TimeControl "40/6000+30:20/3000+30:900+30"]

1. e4 c5 2. Nc3 d6 3. f4 g6 4. Nf3 Bg7 5. Bb5+ Bd7 6. Bc4 Nc6 7. d3 Na5 8. Bd2 e6 9. Qe2 Ne7 10. O-O-O a6 11. f5 b5 12. f6 Bxf6 13. e5 Bg7 14. Ne4 O-O 15.
Bg5 dxe5 16. Nf6+ Kh8 17. Nxe5 Be8 18. Qf3 Nf5 19. Nxh7 Kxh7 20. Bxd8 Rxd8 $18 21. Qh3+ Nh6 22. Nxf7 Bxf7 23. Bxe6 Nc6 24. Rhf1 Bxe6 25. Qxe6 Nd4 26. Qxa6 Ra8 27. Qb7 Rfb8 28. Qc7 Rc8 29. Qd7 Rd8 30. Qc7 Rdc8 31. Qd7 Rd8 32. Qc7 Rdc8 1/2-1/2